Map: 파라 사이트 - 래더

Players

PartinG

  • Race: Protoss Protoss
  • League: Master
  • Spawn Location: 5:00

lllllllllll (sOs) - Winner!

  • Race: Protoss Protoss
  • League: Master
  • Spawn Location: 11:00

Event: IEM Season 13 - Katowice Server Qualifiers Asia 2

VOD

Have the link to the VOD?

Description

Time

  • Played on: Jan. 22, 2019, 4:19 a.m.
  • Length: 9:43

All games in this series

Show
View Real Time Build Order
Export as new Build Order

PartinG Protoss 

Build Orders: Phoenix Opening 

Get SALT Encoding   

  12  0:00  Probe  
  13  0:13  Probe  
  14  0:17  Pylon  
  14  0:23  Probe  
  15  0:31  Probe  
  16  0:37  Gateway  
  16  0:39  Probe  
  16  0:45  Assimilator  
  17  0:50  Probe  
  17  0:53  Assimilator  
  18  0:58  Probe  
  19  1:06  Gateway, Probe  
  20  1:17  Probe  
  20  1:24  Cybernetics Core  
  21  1:29  Probe  
  22  1:34  Pylon  
  22  1:41  Probe  
  23  1:50  Warp Gate  
  23  1:54  Probe  
  24  2:00  Sentry, Stalker  
  28  2:06  Probe  
  29  2:10  Pylon  
  29  2:27  Sentry  
  30  2:33  Phoenix  
  30  2:36  Sentry  
  32  2:40  Nexus  
  32  2:43  Probe  
  33  2:55  Probe  
  34  2:58  Pylon  
  34  3:07  Probe  
  34  3:09  Shield Battery  
  35  3:19  Probe  
  36  3:33  Stargate  
  36  3:34  Probe  
  37  3:46  Probe  
  38  3:48  Twilight Council  
  38  3:49  Forge  
  38  3:53  Probe, Stalker  
  38  3:55  Stalker  
  43  3:58  Probe  
  43  4:02  Probe  
  44  4:05  Blink  
  44  4:06  Probe  
  44  4:07  Phoenix  
  45  4:10  Probe  
  45  4:14  Probe  
  49  4:20  Probe, Pylon  
  51  4:29  Probe  
  52  4:32  Probe  
  53  4:41  Probe  
  53  4:43  Pylon  
  53  4:44  Probe  
  55  4:51  Nexus  
  55  4:54  Protoss Ground Weapons Level 1  
  55  4:57  Probe x2  
  57  5:01  Stalker  
  57  5:05  Stalker  
  63  5:16  Gateway  
  63  5:17  Gateway  
  63  5:20  Gateway  
  61  5:25  Gateway  
  61  5:28  Probe x2  
  63  5:32  Stalker  
  63  5:33  Stalker  
  67  5:40  Probe x2  
  69  5:44  Gateway  
  69  5:46  Gateway  
  69  5:56  Stalker x2  
  73  6:01  Probe x2  
  75  6:10  Stalker  
  69  6:18  Stalker x2  
  73  6:20  Zealot x3  
  75  6:30  Protoss Ground Weapons Level 2  
  75  6:31  Probe x3  
  74  6:33  Stalker  
  68  6:44  Zealot x7  
  68  6:46  Robotics Facility  
  82  6:49  Probe  
  82  6:50  Pylon  
  83  6:57  Assimilator  
  83  6:59  Probe  
  83  7:00  Probe, Assimilator  
  85  7:02  Probe  
  85  7:04  Pylon  
  86  7:18  Zealot  
  86  7:19  Zealot x6  
  86  7:22  Warp Prism  
  100  7:24  Pylon  
  100  7:26  Pylon  
  100  7:28  Sentry  
  102  7:35  Charge  
  104  7:40  Assimilator  
  104  7:41  Assimilator  
  104  7:42  Phoenix  
  106  7:52  Observer, Zealot x5  
  106  7:53  Zealot  
  106  7:55  Pylon  
  119  8:06  Zealot x2  
  123  8:28  Templar Archives, Zealot x5  
  123  8:31  Pylon  
  123  8:32  Pylon  
  123  8:33  Pylon  
  123  8:34  Pylon  
  133  8:45  Photon Cannon  
  133  8:46  Shield Battery  
  129  8:59  Zealot x8  
  119  9:21  High Templar x4  
  119  9:22  Zealot x4  
  135  9:25  Pylon  
  135  9:27  Archon x2  
Show
View Real Time Build Order
Export as new Build Order

lllllllllll Protoss - Winner!

Build Orders: Oracle Opening, Phoenix Opening, Blink Stalkers 

Get SALT Encoding   

  12  0:00  Probe  
  13  0:12  Probe  
  14  0:17  Pylon  
  14  0:23  Probe  
  15  0:31  Probe  
  15  0:37  Gateway  
  15  0:39  Probe  
  16  0:45  Assimilator  
  17  0:50  Probe  
  17  0:53  Assimilator  
  18  0:58  Probe  
  19  1:06  Probe  
  20  1:13  Gateway  
  20  1:17  Probe  
  20  1:24  Cybernetics Core  
  21  1:29  Probe  
  22  1:33  Pylon  
  22  1:41  Probe  
  23  1:53  Probe  
  24  2:01  Sentry, Stalker  
  28  2:02  Warp Gate  
  28  2:10  Pylon  
  28  2:31  Probe  
  28  2:33  Nexus  
  29  2:38  Phoenix  
  29  2:39  Probe  
  30  2:48  Probe  
  30  2:52  Stalker  
  33  3:00  Probe  
  33  3:02  Stargate  
  34  3:08  Pylon  
  34  3:12  Probe  
  35  3:24  Probe  
  36  3:35  Oracle  
  36  3:36  Probe  
  36  3:38  Twilight Council  
  37  3:41  Blink  
  40  3:48  Probe  
  40  3:50  Probe  
  42  4:00  Probe  
  43  4:03  Probe  
  44  4:17  Probe x2  
  44  4:19  Gateway  
  44  4:20  Gateway  
  46  4:27  Nexus  
  46  4:30  Probe x2  
  48  4:35  Stalker  
  50  4:43  Probe x2  
  50  4:44  Stalker  
  51  4:50  Pylon  
  51  4:55  Probe x2  
  53  5:01  Stalker  
  55  5:07  Probe x2  
  57  5:17  Stalker x2  
  57  5:18  Stalker  
  57  5:20  Probe x2  
  65  5:26  Stalker  
  67  5:32  Probe x2  
  69  5:38  Pylon  
  69  5:42  Stalker x3  
  75  5:43  Probe  
  75  5:44  Probe  
  75  5:46  Forge  
  77  5:50  Assimilator  
  77  5:58  Probe x2  
  79  6:10  Stalker x3  
  79  6:11  Stalker  
  85  6:15  Protoss Ground Weapons Level 1  
  85  6:17  Probe x2  
  81  6:27  Charge  
  81  6:30  Probe  
  81  6:31  Probe  
  73  6:41  Probe  
  73  6:42  Probe  
  73  6:45  Probe  
  76  6:50  Gateway  
  76  6:51  Gateway, Zealot x4  
  76  6:52  Gateway  
  76  6:53  Gateway, Probe  
  85  6:54  Assimilator  
  85  6:55  Probe  
  85  6:58  Assimilator  
  85  6:59  Assimilator  
  86  7:02  Pylon  
  86  7:03  Pylon  
  86  7:06  Gateway  
  86  7:07  Gateway, Probe  
  86  7:08  Probe x2  
  89  7:12  Pylon  
  89  7:14  Robotics Facility  
  89  7:18  Templar Archives  
  89  7:22  Probe  
  90  7:23  Pylon  
  90  7:24  Zealot x4  
  98  7:33  Pylon  
  98  7:38  Nexus  
  98  7:47  Sentry, Zealot x4  
  98  7:50  Pylon  
  108  7:53  Probe  
  108  7:57  High Templar  
  108  7:58  High Templar, Zealot  
  115  8:02  Observer, Archon  
  115  8:03  Photon Cannon, Pylon  
  116  8:08  Photon Cannon  
  116  8:14  Zealot x2  
  116  8:15  Warp Prism, Zealot x2  
  116  8:19  High Templar  
  126  8:20  High Templar, Zealot  
  126  8:25  Archon  
  132  8:32  Zealot x3  
  138  8:35  Pylon  
  138  8:40  High Templar  
  140  8:43  Pylon  
  140  8:55  High Templar x2, Zealot  
  144  8:56  Zealot x5  
  144  9:01  Archon  
  144  9:11  High Templar  
  144  9:12  Zealot  
  144  9:14  Probe x3  
  144  9:16  Archon  
  151  9:18  Zealot x4  
  151  9:19  Zealot  
  151  9:24  Zealot  
  167  9:38  Zealot x7  

Tags
 
Add a new tag
Caveats
  • Supply blocks, unpowered buildings, or Contaminate may cause inaccurate times.
  • Supply counts are checked every 10 seconds.